 Dungeon Crawl Stone Soup version 0.25.0-26-g0c896c7088 (webtiles) character file.

Game seed: 1596936067909829941

95 Ethylacetat the Stinger (level 4, -5/36 HPs)
             Began as a Naga Venom Mage on July 4, 2020.
             Slain by an ogre
             ... wielding a +0 giant club
              (7 damage)
             ... on level 3 of the Dungeon.
             The game lasted 00:12:57 (1408 turns).

Ethylacetat the Stinger (Naga Venom Mage)           Turns: 1408, Time: 00:12:57

Health: -5/36      AC:  2    Str: 11    XL:     4   Next: 66%
Magic:  0/7        EV: 10    Int: 16    God:
Gold:   105        SH:  0    Dex: 11    Spells: 7/8 levels left

rFire    . . .     SeeInvis +   f - +0 dagger
rCold    . . .     Gourm    .   (no shield)
rNeg     . . .     Faith    .   a - +0 robe
rPois    +         Spirit   .   (no helmet)
rElec    .         Reflect  .   (no cloak)
rCorr    .         Harm     .   (no gloves)
MR       .....                  (no barding)
Stlth    ++........             (no amulet)
HPRegen  0.12/turn              (no ring)
MPRegen  0.10/turn              (no ring)

@: short of breath, very slightly contaminated, very slow
A: large, see invisible, deformed body, poison resistance, slowness 2, slow
metabolism 1, spit poison 1, AC +1
a: Spit Poison


You were on level 3 of the Dungeon.
You were hungry.

You visited 1 branch of the dungeon, and saw 3 of its levels.

You collected 105 gold pieces.

Inventory:

Hand Weapons
 f - a +0 dagger (weapon)
Armour
 a - a +0 robe (worn)
Scrolls
 b - 2 scrolls of remove curse {unknown}
 e - a scroll of noise {unknown}
 h - a scroll of magic mapping {unknown}
 k - a scroll of fog {unknown}
 l - a scroll of enchant armour {unknown}
 m - a scroll of random uselessness {unknown}
 n - 3 scrolls of amnesia {unknown}
 p - a scroll of teleportation {unknown}
 q - a scroll of identify {unknown}
 r - a scroll of fear {unknown}
Potions
 g - a potion of magic {unknown}
 i - a potion of degeneration {unknown}
 j - 2 potions of lignification {unknown}
 o - a potion of stabbing {unknown}
 s - a potion of mutation {unknown}
 t - 2 potions of might {unknown}
Comestibles
 c - 5 rations
 d - a chunk of flesh


   Skills:
 - Level 1.5 Dodging
 - Level 3.0 Stealth
 + Level 2.6 Spellcasting
 * Level 2.8 Transmutations
 * Level 5.3 Poison Magic


You had 7 spell levels left.
You knew the following spells:

 Your Spells              Type           Power        Failure   Level  Hunger
a - Sting                 Tmut/Pois      ###.         3%          1    #......

Your spell library contained the following spells:

 Spells                   Type           Power        Failure   Level  Hunger
 Poisonous Vapours        Pois/Air       ##....       10%         2    ##.....
 Ignite Poison            Fire/Tmut/Pois ##......     19%         3    ###....
 Olgreb's Toxic Radiance  Pois           ###.....     22%         4    #####..
 Mephitic Cloud           Conj/Pois/Air  #.......     28%         3    ###....


Dungeon Overview and Level Annotations

Branches:
Dungeon (3/15)

Altars:
The Shining One


Innate Abilities, Weirdness & Mutations

You cannot wear boots.
Your serpentine skin is tough. (AC +1)
You have supernaturally acute eyesight. (SInv)
Armour fits poorly on your strangely shaped body.
Your system is resistant to poisons. (rPois)
You cover ground very slowly.
You have a slow metabolism.
You can spit poison.


Message History

You miscast Sting.
You are very lightly contaminated with residual magic.
Nothing appears to happen.
The ogre hits you with a +0 giant club!
* * * LOW HITPOINT WARNING * * *
Casting: Sting (safe; 3% risk of failure)
Confirm with . or Enter, or press ? or * to list all spells.
Aiming: Sting (safe; 3% risk of failure)
Press: ? - help, Shift-Dir - straight line, f/p - ogre
Aim: an ogre, wielding a +0 giant club (moderately wounded, poisoned)
The sting hits the ogre.
The ogre looks even sicker.
The ogre is moderately wounded.
You have got your breath back.
The ogre misses you.
Press: ? - help, Shift-Dir - straight line, f/p - ogre
Aim: an ogre, wielding a +0 giant club (moderately wounded, very poisoned)
The splash of poison hits the ogre!
The ogre is severely wounded.
You feel slightly more hungry. The ogre hits you with a +0 giant club!
You die...

#.# #.#
########.#####.#
#........#.....#
#.########.#####
#.#<....##.#
###########.#####.##.#
#.........#.......##.#
#..O......##########.#
+.g.......))O@รท..#
#.# ###'##....######.#
#.# #.. #....# #.###.#
#.O #....# #.....#


#gg ###### ####### ### You could see an ogre (very poisoned).

Vanquished Creatures
  A worker ant (D:2)
  An adder (D:2)
  2 worms
  3 dart slugs
  A leopard gecko (D:2)
  An orc (D:2)
  3 ball pythons
  5 bats
  3 giant cockroaches
  12 goblins
  4 hobgoblins
  2 kobolds
  A quokka (D:2)
  4 frilled lizards
  3 rats
46 creatures vanquished.

Notes
Turn   | Place    | Note
-------+----------+-------------------------------------------
     0 | D:1      | Ethylacetat the Naga Venom Mage began the quest for the
                  | Orb.
     0 | D:1      | Reached XP level 1. HP: 15/15 MP: 3/3
   265 | D:1      | Reached XP level 2. HP: 22/22 MP: 5/5
   662 | D:2      | Found a glowing golden altar of the Shining One.
   757 | D:2      | Reached XP level 3. HP: 28/28 MP: 2/6
   907 | D:2      | Reached skill level 5 in Poison Magic
   907 | D:2      | Reached XP level 4. HP: 30/36 MP: 0/7
  1378 | D:3      | Noticed an ogre
  1408 | D:3      | Slain by an ogre

Illustrated notes

Levels and vault maps discovered:
D:1:      minmay_arrival_stair_chambers, layout_basic
D:2:      layout_basic, tso_metal_star, minmay_tetromino_i4
D:3:      layout_basic, minmay_ogre_servants

Skill      XL: |  1  2  3 |
---------------+----------+-----
Transmutations | 2 |  2.8
Poison Magic   | 5 |  5.3
Dodging        | |  1.5
Stealth        | |  3.0
Spellcasting   | |  2.6

Action                   |  1- 3 |  4- 6 || total
-------------------------+-------+-------++-------
Melee: Unarmed           |     6 |       ||     6
       Dagger            |    19 |    16 ||    35
 Cast: Sting             |    23 |    15 ||    38
 Abil: Spit Poison       |    23 |    14 ||    37
  Eat: Chunk             |     1 |     2 ||     3
Armor: Robe              |     6 |       ||     6
Dodge: Dodged            |    26 |    12 ||    38
